 Dungeon Crawl Stone Soup version 0.29-a0-559-g359e09b9d1 (webtiles) character file.

Game seed: 16007062432793467119

154 Bruhh the Ogre Mage (level 5, -2/45 HPs)
             Began as an Ogre Earth Elementalist on June 10, 2022.
             Was an Initiate of Hepliaklqana.
             Slain by a human zombie (6 damage)
             ... in an ossuary.
             The game lasted 00:03:09 (2845 turns).

Bruhh the Ogre Mage (Ogre Earth Elementalist)       Turns: 2845, Time: 00:03:09

Health: -2/45      AC:  3    Str: 12    XL:     5   Next: 35%
Magic:  2/11       EV:  9    Int: 18    God:    Hepliaklqana [......]
Gold:   154        SH:  0    Dex:  9    Spells: 8/12 levels left

rFire   . . .      SeeInvis .   k - staff of conjuration
rCold   . . .      Faith    .   (no shield)
rNeg    . . .      Spirit   .   b - +0 robe
rPois   .          Reflect  .   (helmet restricted)
rElec   .          Harm     .   (no cloak)
rCorr   .          Rampage  .   (gloves unavailable)
Will    .....                   (boots unavailable)
Stlth   +.........              (no amulet)
HPRegen 0.15/turn               (no ring)
MPRegen 0.12/turn               (no ring)

@: no status effects
A: large, unfitting armour, tough skin 1
a: Renounce Religion


You were in an ossuary.
You worshipped Hepliaklqana.
Hepliaklqana was noncommittal.
You visited 1 branch of the dungeon, and saw 4 of its levels.
You also visited: Ossuary.

You collected 154 gold pieces.

Inventory:

Hand Weapons
 d - a +0 spear
Missiles
 a - 98 stones
Armour
 b - a +0 robe (worn)
Magical Staves
 k - a staff of conjuration (weapon)
Scrolls
 e - a scroll of teleportation
 g - 3 scrolls of vulnerability
 i - a scroll of amnesia
 j - 2 scrolls of enchant weapon
Potions
 c - 2 potions of magic
 f - 3 potions of attraction {unknown}
 h - 2 potions of curing {unknown}
 l - 3 potions of heal wounds {unknown}
 m - a potion of ambrosia {unknown}
 p - a potion of invisibility {unknown}
 q - a potion of brilliance {unknown}


   Skills:
 - Level 1.7 Dodging
 - Level 1.4 Stealth
 + Level 4.3 Spellcasting
 + Level 1.3 Conjurations
 - Level 0.8 Transmutations
 + Level 4.0 Earth Magic


You had 8 spell levels left.
You knew the following spells:

 Your Spells              Type           Power      Damage    Failure   Level
a - Sandblast             Erth           36%        2d10      2%          1
b - Stone Arrow           Conj/Erth      40%        3d9       14%         3

Your spell library contained the following spells:

 Spells                   Type           Power      Damage    Failure   Level
 Passwall                 Tmut/Erth      10%        N/A       8%          2
 Petrify                  Tmut/Erth      12%        N/A       45%         4


Dungeon Overview and Level Annotations

Branches:
Dungeon (4/15)            Ossuary (1/1)
 Temple: D:4-7

Altars:
Hepliaklqana

Annotations:
D:3 Sigmund


Innate Abilities, Weirdness & Mutations

You are too large for most types of armour.
You have tough skin. (AC +1)


Message History

The human zombie hits you.
You hit the human zombie.
The human zombie is moderately damaged.
The human zombie hits you.
* * * LOW HITPOINT WARNING * * *
You completely miss the human zombie.
The human zombie is moderately damaged.
The human zombie hits you.
* * * LOW HITPOINT WARNING * * *
You hit the human zombie but do no damage.
The human zombie is moderately damaged.
The human zombie hits you.
* * * LOW HITPOINT WARNING * * *
Casting: Sandblast (safe; 2% risk of failure)
Confirm with . or Enter, or press ? or * to list all spells.
Aiming: Sandblast (safe; 2% risk of failure)
Press: ? - help, Shift-Dir - straight line, f - human zombie
Aim: a human zombie (moderately damaged, 85% to hit)
The blast of sand hits the human zombie!
The human zombie is heavily damaged.
The human zombie hits you.
* * * LOW HITPOINT WARNING * * *
Casting: Sandblast (safe; 2% risk of failure)
Confirm with . or Enter, or press ? or * to list all spells.
Aiming: Sandblast (safe; 2% risk of failure)
Press: ? - help, Shift-Dir - straight line, f/p - human zombie
Aim: a human zombie (heavily damaged, 85% to hit)
The blast of sand hits the human zombie!
The human zombie is severely damaged.
The human zombie hits you.
* * * LOW HITPOINT WARNING * * *
Casting: Sandblast (safe; 2% risk of failure)
Confirm with . or Enter, or press ? or * to list all spells.
Aiming: Sandblast (safe; 2% risk of failure)
Press: ? - help, Shift-Dir - straight line, f/p - human zombie
Aim: a human zombie (severely damaged, 85% to hit)
The blast of sand hits the human zombie!
The human zombie is almost destroyed.
The human zombie hits you.
You die...

######### ###
#...#...#...#
#.∩@Z...8...#
#...#.......#
##'###8...8##
#...# ......#
#.∩.# ..8...+
#...# ..#...#
##### #######


You could see a human zombie.

Vanquished Creatures
  A jelly (D:4)
  2 scorpion zombies (Ossuary)
  An adder (D:3)
  2 worms
  2 orcs (D:2)
  2 ball pythons (D:2)
  5 endoplasms
  3 giant cockroaches
  5 goblins
  3 hobgoblins
  4 jackals (D:1)
  4 quokkas
  6 bats
  6 frilled lizards
  6 kobolds
  A kobold zombie (Ossuary)
  3 rats
56 creatures vanquished.

Notes
Turn   | Place    | Note
-------+----------+-------------------------------------------
     0 | D:1      | Bruhh the Ogre Earth Elementalist began the quest for the
                  | Orb.
     0 | D:1      | Reached XP level 1. HP: 16/16 MP: 3/3
   369 | D:1      | Reached XP level 2. HP: 24/24 MP: 1/5
  1023 | D:1      | Reached XP level 3. HP: 14/31 MP: 1/7
  2281 | D:3      | Reached XP level 4. HP: 39/39 MP: 5/9
  2285 | D:3      | Learned a level 3 spell: Stone Arrow
  2347 | D:3      | Found a faded altar of an unknown god.
  2560 | D:3      | Found a hazy altar of Hepliaklqana.
  2575 | D:3      | Became a worshipper of Hepliaklqana the Forgotten
  2649 | D:3      | Noticed Sigmund
  2784 | D:4      | Found a sand-covered staircase.
  2793 | Ossuary  | Entered an ossuary
  2814 | Ossuary  | Reached skill level 1 in Conjurations
  2814 | Ossuary  | Reached XP level 5. HP: 36/45 MP: 1/11
  2845 | Ossuary  | Slain by a human zombie

Illustrated notes

Levels and vault maps discovered:
D:1:      matt_arrival_spirals, layout_loops_ring, minivault_24,
          nrook_mini_backslash, minmay_misc_feat_columns
D:2:      layout_rooms
D:3:      layout_basic, amcnicky_altar_gilded,
          ebering_ecumenical_altar_abandoned, kennysheep_jessica_study,
          uniq_sigmund, uniq_robin
D:4:      layout_cave_pools, minmay_temple_entry_tees,
          lightli_ossuary_entry_decrepit_ruins, st_stairs_8
Ossuary:  ossuary_minmay_scorpions

Skill      XL: |  1  2  3  4  5 |
---------------+----------------+-----
Earth Magic    | 3 4 |  4.0
Spellcasting   | 3 4 |  4.3
Conjurations   | 1 |  1.3
Dodging        | |  1.7
Stealth        | |  1.4
Transmutations | |  0.8

Action                   |  1- 3 |  4- 6 || total
-------------------------+-------+-------++-------
Melee: Spear             |    20 |       ||    20
       Staff             |    13 |    29 ||    42
 Cast: Sandblast         |    52 |    31 ||    83
  Use: Scroll            |       |     5 ||     5
Armor: Robe              |    21 |     9 ||    30
Dodge: Dodged            |    33 |    22 ||    55

Table legend: (Time is in decaauts)
 A = Elapsed time spent in this place.
 B = Non-inter-level travel time spent in this place.
 C = Inter-level travel time spent in this place.
 D = Time resting spent in this place.
 E = Time spent auto-exploring this place.
 F = Levels seen in this place.
 G = Mean time per level.
                   A        B        C        D        E       F      G
               +--------+--------+--------+--------+--------+-----+--------+
         Total |   2854 |   2722 |    132 |    234 |   2015 |   5 |  570.8 |
       Dungeon |   2796 |   2664 |    132 |    234 |   2010 |   4 |  699.0 |
       Ossuary |     57 |     57 |      0 |      0 |      5 |   1 |   57.0 |
               +--------+--------+--------+--------+--------+-----+--------+

Top non-repeatable levels by time:
     D:1: 1721 daAuts
     D:2: 548 daAuts
     D:3: 401 daAuts
     D:4: 124 daAuts
 Ossuary: 57 daAuts
